[Event "January 2 Early 2024"]
[Site "https://www.chess.com"]
[Date "2024.01.02"]
[Round "4"]
[White "Morales Garcia, Sergio Joshafatt"]
[Black "Yagupov, Igor"]
[Result "0-1"]
[Board "114"]
[TimeControl "180+1"]
[WhiteFideId "5106249"]
[BlackFideId "4113632"]
[WhiteElo "2445"]
[BlackElo "2614"]
[WhiteTeam "MEX"]
[BlackTeam "RUS"]
[WhiteClock "0:00:00"]
[BlackClock "0:00:45"]

1. d4 d5 2. c4 c6 3. Nf3 Nf6 4. Nc3 e6 5. Bg5 h6 6. Bxf6 Qxf6 7. e3 Nd7 8. Rc1 g6 9. cxd5 exd5 10. Be2 Bd6 11. O-O O-O 12. a3 a5 13. Re1 Re8 14. h3 Qe7 15. Bd3 Nf6 16. Qc2 Kg7 17. e4 dxe4 18. Nxe4 Nxe4 19. Bxe4 Qf6 20. Qc3 a4 21. Ne5 Bxe5 22. dxe5 Qxe5 23. Qb4 Qg5 24. Kh2 Be6 25. Qxb7 Qf4+ 26. Kh1 Qxf2 27. Bxc6 Rab8 28. Rf1 Qxf1+ 29. Rxf1 Rxb7 30. Bxb7 Rb8 31. Bc6 Rxb2 32. Rf3 Rb3 33. Bxa4 Rxf3 34. gxf3 Bxh3 35. Bc6 Bc8 36. a4 Kf6 37. Kg2 Ke7 38. Kg3 Bd7 0-1

[Event "January 2 Early 2024"]
[Site "https://www.chess.com"]
[Date "2024.01.02"]
[Round "4"]
[White "Aaditya Dhingra"]
[Black "Aadit Bhatia"]
[Result "0-1"]
[Board "115"]
[TimeControl "180+1"]
[WhiteFideId "25678191"]
[BlackFideId "25088955"]
[WhiteElo "2611"]
[BlackElo "2418"]
[WhiteTeam "IND"]
[BlackTeam "IND"]
[WhiteClock "0:00:00"]
[BlackClock "0:00:20"]

1. e4 e6 2. d3 d5 3. Nd2 c5 4. g3 Nc6 5. Bg2 Nf6 6. Ngf3 Be7 7. O-O O-O 8. Re1 b5 9. e5 Nd7 10. Nf1 a5 11. h4 b4 12. h5 h6 13. N1h2 Ba6 14. Ng4 Re8 15. Bxh6 gxh6 16. Nxh6+ Kg7 17. Ng4 Rh8 18. h6+ Kf8 19. Qd2 Ke8 20. Qf4 Nf8 21. Nf6+ Bxf6 22. exf6 Ng6 23. Qg5 Kd7 24. Bh3 Qg8 25. Qxd5+ Kc7 26. Qg5 Kb6 27. d4 cxd4 28. Nd2 Qf8 29. Ne4 Rd8 30. c4 Nce5 31. Bg2 Bxc4 32. f4 Nd3 33. Rac1 Rd5 34. f5 Nxe1 35. Rxc4 Ne5 36. Qf4 Nxc4 37. fxe6 fxe6 38. Ng5 Nxg2 39. Kxg2 Ne3+ 0-1

[Event "January 2 Early 2024"]
[Site "https://www.chess.com"]
[Date "2024.01.02"]
[Round "4"]
[White "Shubenkova, Veronika"]
[Black "Topalov, Aleksandar"]
[Result "1-0"]
[Board "116"]
[TimeControl "180+1"]
[WhiteFideId "44124040"]
[BlackFideId "925659"]
[WhiteElo "2589"]
[BlackElo "2404"]
[WhiteTeam "RUS"]
[BlackTeam "SRB"]
[WhiteClock "0:01:04"]
[BlackClock "0:00:00"]

1. d4 Nf6 2. e3 g6 3. f4 Bg7 4. Nf3 O-O 5. c3 d6 6. Bd3 Nbd7 7. O-O e5 8. Bc2 Qe7 9. f5 Nb6 10. fxg6 hxg6 11. Na3 Bg4 12. Qe1 Bxf3 13. Rxf3 e4 14. Rh3 Rfe8 15. Bd2 d5 16. Qe2 c6 17. Rf1 Qe6 18. Bd1 Nbd7 19. Be1 b5 20. Nc2 a5 21. Bh4 Rf8 22. Qe1 Ne8 23. Bg5 Nd6 24. Qh4 f5 25. g4 Kf7 26. gxf5 Nxf5 27. Bg4 Rh8 28. Qg3 Rxh3 29. Bxh3 Rf8 30. Qc7 Kg8 31. Ne1 a4 32. Ng2 Nf6 33. Nh4 Ne8 34. Qf4 Ned6 35. Qg4 1-0

[Event "January 2 Early 2024"]
[Site "https://www.chess.com"]
[Date "2024.01.02"]
[Round "4"]
[White "Aggelis, Nikolaos"]
[Black "Astafurov, Arseniy"]
[Result "1/2-1/2"]
[Board "117"]
[TimeControl "180+1"]
[WhiteFideId "4213220"]
[BlackFideId "24175218"]
[WhiteElo "2582"]
[BlackElo "2402"]
[WhiteTeam "GRE"]
[BlackTeam "RUS"]
[WhiteClock "0:00:19"]
[BlackClock "0:00:18"]

1. c4 c6 2. Nc3 d5 3. cxd5 cxd5 4. d4 Nf6 5. Nf3 Nc6 6. Bg5 Ne4 7. Bh4 Nxc3 8. bxc3 Qa5 9. Qb3 e6 10. e3 Bd6 11. Bd3 O-O 12. O-O Qc7 13. Rac1 Na5 14. Qc2 h6 15. e4 Bf4 16. Bg3 dxe4 17. Bxe4 Nc4 18. Bxf4 Qxf4 19. Qe2 Nd6 20. Bd3 b6 21. Qe5 Qxe5 22. dxe5 Nf5 23. Be4 Rb8 24. Rfd1 Bb7 25. Bxf5 exf5 26. Rd7 Rfe8 27. Rcd1 a5 28. Rc7 Bxf3 29. gxf3 Rxe5 30. Rdd7 Rf8 31. Rd6 b5 32. Ra6 a4 33. c4 Re1+ 34. Kg2 Rc1 35. c5 g5 36. Rxh6 Kg7 37. Rb6 Rc2 38. Rxb5 Rxa2 39. Rbb7 a3 40. c6 Rc2 41. Ra7 a2 42. Ra5 Kg6 43. Rca7 Rc8 44. Rxa2 R8xc6 45. Rxc2 Rxc2 46. Ra6+ f6 47. Ra5 f4 48. Rb5 Ra2 1/2-1/2

[Event "January 2 Early 2024"]
[Site "https://www.chess.com"]
[Date "2024.01.02"]
[Round "4"]
[White "Borda Rodas, Anapaola S."]
[Black "Taboas Rodriguez, Daniel"]
[Result "1-0"]
[Board "118"]
[TimeControl "180+1"]
[WhiteFideId "152781"]
[BlackFideId "2208466"]
[WhiteElo "2365"]
[BlackElo "2568"]
[WhiteTeam "ARG"]
[BlackTeam "ESP"]
[WhiteClock "0:00:36"]
[BlackClock "0:00:06"]

1. e4 e5 2. Nf3 Nc6 3. d4 exd4 4. Nxd4 Nf6 5. Nxc6 bxc6 6. e5 Qe7 7. Qe2 Nd5 8. g3 f6 9. exf6 Nxf6 10. Nc3 Qxe2+ 11. Bxe2 Bc5 12. O-O O-O 13. Bg5 d5 14. Na4 Bd6 15. c4 Ne4 16. Be3 Ba6 17. Rac1 Rae8 18. Bd3 h6 19. Rfd1 Bb7 20. cxd5 cxd5 21. Nc5 Nxc5 22. Bxc5 Bxc5 23. Rxc5 c6 24. b4 Kf7 25. b5 cxb5 26. Rxb5 Bc6 27. Rc5 Rc8 28. Rdc1 Bd7 29. Rc7 Ke6 30. Ba6 Rxc7 31. Rxc7 Ra8 32. f4 Kd6 33. Rc1 Rb8 34. Rc2 Bf5 35. Rd2 Rb6 36. Be2 Kc5 37. Kf2 d4 38. Bf3 d3 39. g4 Bh7 40. f5 Kd4 41. Be2 Ke4 42. Bxd3+ Kf4 43. Be2 Bg8 44. h4 Rb4 45. Rc2 Ra4 46. Rc7 Rxa2 47. Ke1 a5 48. Rxg7 Bb3 49. f6 a4 50. f7 Ke3 51. f8=Q Rxe2+ 52. Kf1 Bc4 53. Re7+ Kd2 54. Rxe2+ Bxe2+ 55. Kg2 Bxg4 56. Kg3 h5 57. Qf4+ Kc3 58. Qxa4 Kd3 59. Qa3+ Ke4 60. Qe7+ Kf5 61. Qg5+ Ke4 62. Kf2 Kd4 63. Ke1 Ke4 64. Kf2 Kd4 65. Ke1 Ke4 66. Kd2 Kf3 67. Kc3 Kg3 68. Kd4 Kf3 69. Ke5 Kg3 70. Kf6 Kf3 71. Kg6 Kg3 72. Kh6 Kh3 73. Kg6 Kg3 74. Kf6 Kf3 75. Qe5 Bh3 76. Kg5 Bg4 77. Qf4+ Kg2 78. Qxg4+ hxg4 79. Kxg4 1-0

[Event "January 2 Early 2024"]
[Site "https://www.chess.com"]
[Date "2024.01.02"]
[Round "4"]
[White "Kleibel, Uwe"]
[Black "Ismagilov, Damir"]
[Result "0-1"]
[Board "119"]
[TimeControl "180+1"]
[WhiteFideId "1270982"]
[BlackFideId "34199982"]
[WhiteElo "2347"]
[BlackElo "2558"]
[WhiteTeam "GER"]
[BlackTeam "RUS"]
[WhiteClock "0:00:10"]
[BlackClock "0:00:57"]

1. e4 g6 2. d4 Bg7 3. c3 d5 4. exd5 Nf6 5. Nf3 O-O 6. c4 c6 7. dxc6 Nxc6 8. Nc3 Bg4 9. Be3 Bxf3 10. gxf3 Qd7 11. Be2 Rad8 12. d5 Ne5 13. Qb3 b6 14. h4 Rc8 15. O-O-O Qc7 16. Nb5 Qb7 17. Kb1 Ned7 18. h5 Nxh5 19. Rxh5 gxh5 20. Rg1 Kh8 21. Nd4 Rg8 22. Nf5 Bf6 23. Rh1 Ne5 24. Rxh5 Rg1+ 25. Kc2 Nxc4 26. Bxc4 b5 27. Kd2 Rxc4 28. Qd3 Rcc1 29. Qe4 Rcd1+ 30. Kc2 Qc8+ 31. Kb3 Rb1 32. Rxh7+ Kg8 33. Nh6+ Kf8 34. Rxf7+ Ke8 35. Rxf6 Qc4+ 36. Qxc4 bxc4+ 37. Kxc4 exf6 38. Bd4 Rgc1+ 39. Kd3 Rd1+ 40. Ke4 Re1+ 41. Kf5 Rbd1 42. Bc3 Re2 43. Kxf6 Rxf2 44. Nf5 Rxf3 45. d6 Rxd6+ 46. Ke5 Ra6 47. Nd6+ Kd7 48. a3 Rxd6 0-1

[Event "January 2 Early 2024"]
[Site "https://www.chess.com"]
[Date "2024.01.02"]
[Round "4"]
[White "Ahmad, Khagan"]
[Black "Buscar, Michael"]
[Result "0-1"]
[Board "120"]
[TimeControl "180+1"]
[WhiteFideId "13431552"]
[BlackFideId "2603616"]
[WhiteElo "2550"]
[BlackElo "2345"]
[WhiteTeam "AZE"]
[BlackTeam "CAN"]
[WhiteClock "0:00:00"]
[BlackClock "0:00:30"]

1. c4 e5 2. Nc3 Nf6 3. e3 d5 4. cxd5 Nxd5 5. Nf3 Nc6 6. Bb5 f6 7. d4 Bb4 8. O-O Nxc3 9. bxc3 Bxc3 10. Rb1 Bf5 11. Rb3 Ba5 12. dxe5 Qxd1 13. Rxd1 Bc2 14. Rd5 Bxb3 15. axb3 Bb6 16. exf6 gxf6 17. Bb2 Ke7 18. Rf5 Ne5 19. Nxe5 fxe5 20. Rxe5+ Kd6 21. Bc4 Rhe8 22. Rd5+ Kc6 23. Rh5 Re7 24. Ba3 Kd7 25. Bxe7 Kxe7 26. Rxh7+ Kf6 27. h4 a5 28. g4 a4 29. g5+ Kf5 30. Bd3+ Kg4 31. Kg2 Bxe3 32. fxe3 a3 33. Bb1 Rd8 34. Kf2 Rd1 0-1

[Event "January 2 Early 2024"]
[Site "https://www.chess.com"]
[Date "2024.01.02"]
[Round "4"]
[White "Parfenov, Viktor N."]
[Black "Filippova, Margarita"]
[Result "0-1"]
[Board "121"]
[TimeControl "180+1"]
[WhiteFideId "4165969"]
[BlackFideId "34199680"]
[WhiteElo "2548"]
[BlackElo "2307"]
[WhiteTeam "RUS"]
[BlackTeam "RUS"]
[WhiteClock "0:01:21"]
[BlackClock "0:00:56"]

1. d4 a6 2. e4 e6 3. Bd3 d5 4. e5 c5 5. c3 Bd7 6. Nf3 Bb5 7. O-O Bxd3 8. Qxd3 Nc6 9. a3 cxd4 10. cxd4 Qb6 11. Nc3 Nge7 12. b4 Nf5 13. Be3 h5 14. Rac1 Rc8 15. Na4 Qa7 16. Rc2 Be7 17. Nc5 O-O 18. Rfc1 Rfd8 19. g3 Qb6 20. Kg2 Na7 21. Bg5 Rc6 22. Bxe7 Nxe7 23. h3 Rdc8 24. Ng5 g6 25. Qf3 Nf5 26. g4 Nh4+ 0-1

[Event "January 2 Early 2024"]
[Site "https://www.chess.com"]
[Date "2024.01.02"]
[Round "4"]
[White "Jahnz, Fabian"]
[Black "Baches Garcia, Guillermo"]
[Result "1/2-1/2"]
[Board "122"]
[TimeControl "180+1"]
[WhiteFideId "4653300"]
[BlackFideId "2209764"]
[WhiteElo "2291"]
[BlackElo "2540"]
[WhiteTeam "GER"]
[BlackTeam "ESP"]
[WhiteClock "0:01:51"]
[BlackClock "0:00:47"]

1. e4 c5 2. Nf3 d6 3. Bb5+ Bd7 4. Bxd7+ Qxd7 5. O-O Nf6 6. Qe2 Nc6 7. Rd1 e6 8. d4 cxd4 9. Nxd4 Be7 10. c4 O-O 11. Nc3 Rac8 12. Nxc6 Qxc6 13. Be3 Qxc4 14. Qxc4 Rxc4 15. Bxa7 Nxe4 16. Nxe4 Rxe4 17. Rac1 Ra4 18. Bd4 Rxa2 19. Rc7 Bf6 20. Bxf6 gxf6 21. Rxb7 Rc8 22. g3 Rc2 23. Rxd6 Raxb2 24. Rd8+ Kg7 25. Rxb2 Rxb2 26. Rd4 f5 27. Rh4 Ra2 28. Rb4 Kg6 29. h4 h5 30. Rb8 Rc2 31. Rg8+ Kh7 32. Rg5 Kh6 33. Rg8 Rc4 34. Rh8+ Kg6 35. Rg8+ Kh7 36. Rg5 Kh6 37. Rg8 Rg4 38. Rh8+ Kg6 39. Rg8+ Kh7 40. Ra8 f4 41. Kg2 fxg3 42. fxg3 Rc4 43. Kf3 Kg7 44. Ra7 Rb4 45. Rc7 Kg6 46. Rc8 Rb3+ 47. Kf4 Rb4+ 48. Kf3 e5 49. Rh8 Rb3+ 50. Kf2 f6 51. Rg8+ Kf5 52. Rg7 Rb2+ 53. Ke3 Rb3+ 54. Kf2 Rb4 55. Rg8 Rb3 56. Rg7 1/2-1/2

[Event "January 2 Early 2024"]
[Site "https://www.chess.com"]
[Date "2024.01.02"]
[Round "4"]
[White "Jaiveer Mahendru"]
[Black "Skurikhin, Dmitrij"]
[Result "0-1"]
[Board "123"]
[TimeControl "180+1"]
[WhiteFideId "25611151"]
[BlackFideId "4161297"]
[WhiteElo "2537"]
[BlackElo "2255"]
[WhiteTeam "IND"]
[BlackTeam "RUS"]
[WhiteClock "0:00:23"]
[BlackClock "0:00:40"]

1. f4 d5 2. Nf3 c5 3. g3 Nc6 4. Bg2 Bg4 5. O-O Nf6 6. d3 e6 7. Qe1 Bd6 8. e4 dxe4 9. dxe4 Bxf3 10. Bxf3 e5 11. c3 Qc7 12. Kh1 h6 13. Na3 a6 14. Be3 b5 15. Rd1 Be7 16. Nc2 c4 17. Bc1 Rd8 18. Ne3 O-O 19. Nd5 Qb7 20. f5 Rd7 21. g4 Nh7 22. h4 f6 23. g5 fxg5 24. hxg5 Bxg5 25. Bh5 Ne7 26. Nxe7+ Bxe7 27. Rxd7 Qxd7 28. Rg1 Bg5 29. Bg6 Bxc1 30. Qxc1 Ng5 31. Qe3 Qd3 32. Qxd3 cxd3 33. Rd1 Nxe4 34. Kg2 Rd8 35. Kf3 Nf6 36. Rd2 e4+ 37. Ke3 Kf8 38. a3 Ke7 39. Rg2 Kd6 40. Kf4 Kc5 41. Ke3 Kc4 42. Bf7+ Kc5 43. b4+ Kc6 44. Kd2 Kd6 45. Rxg7 Ke5 46. Be6 e3+ 47. Kxe3 d2 48. Bb3 d1=Q 49. Bxd1 Rxd1 50. Ra7 Rd6 51. a4 bxa4 52. c4 a3 53. c5 Rc6 54. b5 axb5 55. Rxa3 Rxc5 56. Rd3 Kxf5 57. Kd2 Rd5 58. Rxd5+ Nxd5 59. Kc2 h5 60. Kb3 h4 61. Kc2 h3 62. Kd3 h2 63. Kd4 h1=Q 64. Kc5 Qd1 65. Kd6 Nf4+ 66. Kc6 b4 67. Kc7 b3 68. Kc8 b2 69. Kc7 b1=Q 70. Kc8 Qbc2+ 71. Kb8 Qdb1+ 72. Ka8 Qca2# 0-1

[Event "January 2 Early 2024"]
[Site "https://www.chess.com"]
[Date "2024.01.02"]
[Round "4"]
[White "Harper, Ryan"]
[Black "Veiga, Jose Francisco R P Neves"]
[Result "0-1"]
[Board "124"]
[TimeControl "180+1"]
[WhiteFideId "7700156"]
[BlackFideId "1930087"]
[WhiteElo "2229"]
[BlackElo "2537"]
[WhiteTeam "TTO"]
[BlackTeam "POR"]
[WhiteClock "0:00:00"]
[BlackClock "0:01:09"]

1. e4 c5 2. Nf3 a6 3. d4 cxd4 4. Nxd4 Nf6 5. Nc3 e5 6. Nde2 Nc6 7. g3 Bb4 8. Bg2 O-O 9. O-O h6 10. h3 d6 11. Be3 Be6 12. a3 Bc5 13. Qd2 Qc7 14. Rac1 Rfd8 15. Nd5 Bxd5 16. exd5 Ne7 17. c4 a5 18. b4 axb4 19. axb4 Bxe3 20. Qxe3 Ra4 21. Qb3 Rda8 22. Nc3 Ra3 23. Nb5 Rxb3 24. Nxc7 Rc8 25. Nb5 Rxb4 26. Nxd6 Rd8 27. Nb5 Nexd5 28. cxd5 Rxb5 29. Rfd1 Rd6 30. Rc7 g6 31. Re1 Nd7 32. Ra1 Kg7 33. Ra7 Nc5 34. Ra8 e4 35. Rcc8 Rxd5 36. Rh8 h5 37. Rag8+ Kf6 38. Re8 Rd1+ 39. Kh2 Rb2 0-1

[Event "January 2 Early 2024"]
[Site "https://www.chess.com"]
[Date "2024.01.02"]
[Round "4"]
[White "Adelman, Charles"]
[Black "Shapiro, Viktor"]
[Result "1/2-1/2"]
[Board "125"]
[TimeControl "180+1"]
[WhiteFideId "2003597"]
[BlackFideId "4175700"]
[WhiteElo "2190"]
[BlackElo "2529"]
[WhiteTeam "USA"]
[BlackTeam "RUS"]
[WhiteClock "0:00:01"]
[BlackClock "0:00:14"]

1. Nf3 Nf6 2. c4 c5 3. g3 Nc6 4. Bg2 g6 5. O-O Bg7 6. Nc3 O-O 7. d4 cxd4 8. Nxd4 Ng4 9. e3 d6 10. b3 Bd7 11. Bb2 Rc8 12. Qd2 a6 13. Nde2 Nf6 14. Nf4 h5 15. Ncd5 Nxd5 16. Nxd5 Bxb2 17. Qxb2 Be6 18. Nf4 Bf5 19. h4 b5 20. Rac1 Ne5 21. cxb5 axb5 22. Rxc8 Qxc8 23. Rc1 Qa6 24. Bf1 Qb7 25. Bg2 Be4 26. Bxe4 Qxe4 27. Qc2 Qa8 28. e4 e6 29. Kg2 b4 30. f3 Qa6 31. Rd1 Rc8 32. Qd2 Rc3 33. Qxd6 Qxa2+ 34. Rd2 Rc2 35. Rxc2 Qxc2+ 36. Kf1 Nxf3 37. Nxe6 Nd2+ 38. Ke1 Nf3+ 39. Kf1 Nd2+ 40. Ke1 Qxe4+ 41. Kxd2 fxe6 42. Qd8+ Kf7 43. Qc7+ Kf6 44. Qd8+ Ke5 45. Qc7+ Kf6 46. Qd8+ Ke5 47. Qc7+ Kd5 48. Qb7+ Ke5 49. Qc7+ 1/2-1/2

[Event "January 2 Early 2024"]
[Site "https://www.chess.com"]
[Date "2024.01.02"]
[Round "4"]
[White "Fernandez Guillen, Ernesto J."]
[Black "Cruz Ravina, Francisco Javier"]
[Result "0-1"]
[Board "126"]
[TimeControl "180+1"]
[WhiteFideId "3512428"]
[BlackFideId "2228939"]
[WhiteElo "2883"]
[BlackElo "2399"]
[WhiteTeam "CUB"]
[BlackTeam "ESP"]
[WhiteClock "0:00:06"]
[BlackClock "0:00:52"]

1. e4 d5 2. exd5 Nf6 3. Nc3 Nxd5 4. Nf3 Bf5 5. d3 e6 6. h3 Be7 7. g4 Bg6 8. Bg2 c6 9. O-O h5 10. g5 Nd7 11. Re1 h4 12. Ne4 Qc7 13. Qd2 O-O-O 14. a3 Nc5 15. Nxc5 Bxc5 16. c4 Ne7 17. Ne5 Bd4 18. Nxg6 Nxg6 19. Qe2 Nf4 20. Qf3 Nxd3 21. Rf1 Qg3 22. Be3 Qxf3 23. Bxf3 Bxe3 24. fxe3 Ne5 25. Be2 Rd2 26. Rf2 Rxb2 27. Bf1 Rxf2 28. Kxf2 Rd8 29. Be2 Rd2 30. Ke1 Rb2 31. Rd1 c5 32. Ra1 Kc7 33. Kf1 Rc2 34. Kf2 Nxc4 35. Rg1 Ne5 36. g6 fxg6 37. Rg3 hxg3+ 0-1

[Event "January 2 Early 2024"]
[Site "https://www.chess.com"]
[Date "2024.01.02"]
[Round "4"]
[White "Ilamparthi A R"]
[Black "Kanter, Eduard"]
[Result "1-0"]
[Board "127"]
[TimeControl "180+1"]
[WhiteFideId "45015775"]
[BlackFideId "4103963"]
[WhiteElo "2824"]
[BlackElo "2397"]
[WhiteTeam "IND"]
[BlackTeam "RUS"]
[WhiteClock "0:00:49"]
[BlackClock "0:00:00"]

1. d4 Nf6 2. Nf3 d6 3. Bf4 b6 4. e3 Bb7 5. h3 Nbd7 6. Nbd2 e6 7. a4 a6 8. a5 b5 9. c4 bxc4 10. Bxc4 h6 11. Bh2 g5 12. Qe2 d5 13. Bd3 c5 14. Ne5 c4 15. Bc2 Bb4 16. O-O Bxa5 17. f4 Nxe5 18. fxe5 Nd7 19. Qh5 Rf8 20. Rxf7 Rxf7 21. Rf1 Qe7 22. Rxf7 Qxf7 23. Bg6 Bxd2 24. Bxf7+ Ke7 25. Qg6 Bxe3+ 26. Kh1 Nf8 27. Qf6+ Kd7 28. Bxe6+ Nxe6 29. Qf7+ Kc6 30. Qxe6+ Kb5 31. Bg1 Bxg1 32. Kxg1 a5 33. Qe7 Ka6 34. e6 Rc8 35. Qd7 Kb6 36. e7 1-0

[Event "January 2 Early 2024"]
[Site "https://www.chess.com"]
[Date "2024.01.02"]
[Round "4"]
[White "Skibbe, Willi"]
[Black "Dragun, Kamil"]
[Result "0-1"]
[Board "128"]
[TimeControl "180+1"]
[WhiteFideId "4682190"]
[BlackFideId "1134167"]
[WhiteElo "2397"]
[BlackElo "2776"]
[WhiteTeam "GER"]
[BlackTeam "POL"]
[WhiteClock "0:01:02"]
[BlackClock "0:00:51"]

1. c4 c6 2. Nf3 d5 3. d4 Nf6 4. Nbd2 Bf5 5. Nh4 Be4 6. f3 Bg6 7. e3 e6 8. Nxg6 hxg6 9. g3 c5 10. Bg2 cxd4 11. exd4 Nc6 12. Qa4 dxc4 13. f4 Nd5 14. Nxc4 Bb4+ 15. Kf2 O-O 16. Rd1 a6 17. Ne5 Nxe5 18. dxe5 Qb6+ 19. Kf1 Rac8 20. Bxd5 exd5 21. Qb3 d4 22. Bd2 Qb5+ 23. Kf2 Rc4 24. a3 Bxd2 0-1

[Event "January 2 Early 2024"]
[Site "https://www.chess.com"]
[Date "2024.01.02"]
[Round "4"]
[White "Rakitin, Daniil"]
[Black "Shadhursshaan R"]
[Result "1-0"]
[Board "130"]
[TimeControl "180+1"]
[WhiteFideId "24219762"]
[BlackFideId "45024138"]
[WhiteElo "2714"]
[BlackElo "2392"]
[WhiteTeam "RUS"]
[BlackTeam "IND"]
[WhiteClock "0:01:50"]
[BlackClock "0:02:07"]

1. e4 e6 2. d4 d5 3. Nc3 Nf6 4. e5 Nfd7 5. f4 c5 6. Nf3 Nc6 7. Be3 Qb6 8. Qd2 cxd4 9. Nxd4 Nxd4 10. Bxd4 Bc5 11. Na4 Qc7 12. Nxc5 Nxc5 13. Qc3 b6 14. b4 Na6 15. Bb5+ Kf8 16. Qd2 Qe7 17. a3 Nc7 18. Be2 Ba6 19. O-O Bxe2 20. Qxe2 Qd7 21. a4 g6 22. g4 h5 23. f5 exf5 24. e6 Qxe6 25. Qxe6 Nxe6 26. Bxh8 Ke7 27. gxf5 gxf5 28. Be5 Rg8+ 29. Kh1 Rg4 30. Rxf5 Rxb4 31. Raf1 Nc5 32. Rxf7+ Ke6 33. Bc3 Rc4 34. R1f6# 1-0

[Event "January 2 Early 2024"]
[Site "https://www.chess.com"]
[Date "2024.01.02"]
[Round "4"]
[White "Vlassov, Nikolai"]
[Black "Miszler, Levente"]
[Result "1-0"]
[Board "131"]
[TimeControl "180+1"]
[WhiteFideId "4103360"]
[BlackFideId "763276"]
[WhiteElo "2660"]
[BlackElo "2391"]
[WhiteTeam "FID"]
[BlackTeam "HUN"]
[WhiteClock "0:02:14"]
[BlackClock "0:02:16"]

1. e4 e6 2. d4 d5 3. e5 c5 4. c3 Nc6 5. Nf3 Bd7 6. a3 c4 7. b4 cxb3 8. Qxb3 Na5 9. Qc2 Ne7 10. Bd3 Nc8 11. Bxh7 Nb6 12. Bd3 Rc8 13. a4 Nac4 14. a5 Na8 15. a6 bxa6 16. Rxa6 Bb5 17. Rxa7 Qb6 18. Ra1 Nc7 19. Nbd2 Na6 20. O-O Nb4 21. cxb4 Ne3 22. Qxc8+ 1-0

[Event "January 2 Early 2024"]
[Site "https://www.chess.com"]
[Date "2024.01.02"]
[Round "4"]
[White "Atanasov, Anthony"]
[Black "Mohammed, Zozek Salah Mohammed"]
[Result "0-1"]
[Board "132"]
[TimeControl "180+1"]
[WhiteFideId "2623897"]
[BlackFideId "4803361"]
[WhiteElo "2657"]
[BlackElo "2391"]
[WhiteTeam "CAN"]
[BlackTeam "IRQ"]
[WhiteClock "0:00:03"]
[BlackClock "0:00:11"]

1. e4 e6 2. d4 d5 3. exd5 exd5 4. h3 Nf6 5. Bd3 c5 6. Nf3 c4 7. Be2 Bd6 8. O-O O-O 9. c3 h6 10. Re1 Bf5 11. Ne5 Bxe5 12. dxe5 Ne4 13. Bf4 Nc6 14. Nd2 Re8 15. Nxe4 Bxe4 16. Bxc4 Bxg2 17. Kxg2 dxc4 18. Qxd8 Raxd8 19. Rad1 Rxd1 20. Rxd1 Nxe5 21. Bxe5 Rxe5 22. Rd8+ Kh7 23. Rd7 Rb5 24. Rxf7 Rxb2 25. Rc7 a6 26. a4 b5 27. Rc6 Ra2 28. axb5 axb5 29. Rb6 Rb2 30. h4 Rb3 31. h5 Kg8 32. Rb7 Kf8 33. f3 Rxc3 34. Rxb5 Kf7 35. Rc5 Kf6 36. Kg3 Rc1 37. Kf4 c3 38. Rc6+ Kf7 39. Rc7+ Kg8 40. Rc8+ Kh7 41. Rc5 c2 42. Rc8 Rh1 43. Rxc2 Rxh5 44. Kg3 Ra5 45. Rc7 h5 46. Rb7 Kh6 47. Rb6+ g6 48. Rc6 Rf5 49. Rc4 Kg5 50. f4+ Kh6 51. Ra4 Rb5 52. Rc4 Rb1 53. Ra4 Rg1+ 54. Kh4 Rg4+ 55. Kh3 Kg7 56. Rb4 Kf6 57. Rb6+ Kf5 58. Rb5+ Kxf4 59. Rb4+ Kg5 60. Rb5+ Kh6 61. Rb6 Ra4 62. Kg3 Ra3+ 63. Kh4 Ra4+ 64. Kh3 Ra5 65. Kg3 Kg5 66. Kh3 Ra3+ 67. Kh2 h4 68. Kg2 Kh5 69. Rb5+ g5 70. Kh2 Ra4 71. Kh3 Ra3+ 72. Kh2 Rf3 73. Kg2 Rf6 74. Kh3 Kg6 75. Kg4 Rf4+ 76. Kh3 Ra4 77. Rb6+ Kh5 78. Rb5 Ra3+ 79. Kg2 h3+ 80. Kh2 Kh4 81. Rb8 Ra2+ 82. Kh1 g4 83. Rh8+ Kg3 84. Ra8 Rh2+ 85. Kg1 Rg2+ 86. Kh1 Rb2 87. Ra3+ Kh4 88. Ra1 Rb4 89. Kh2 g3+ 90. Kg1 Kg4 91. Rc1 Rf4 92. Ra1 g2 93. Kh2 Rf1 94. Ra4+ Kf5 95. Ra5+ Ke6 96. Ra6+ Kd7 97. Ra7+ Kc8 98. Ra8+ Kb7 99. Rg8 Rh1+ 100. Kg3 g1=Q+ 101. Kh4 Qxg8 102. Kh5 Rg1 103. Kh6 h2 104. Kh5 h1=Q# 0-1

[Event "January 2 Early 2024"]
[Site "https://www.chess.com"]
[Date "2024.01.02"]
[Round "4"]
[White "Jakubowski, Krzysztof"]
[Black "Samaganova, Aleksandra"]
[Result "1-0"]
[Board "133"]
[TimeControl "180+1"]
[WhiteFideId "1112848"]
[BlackFideId "13800221"]
[WhiteElo "2650"]
[BlackElo "2390"]
[WhiteTeam "POL"]
[BlackTeam "KGZ"]
[WhiteClock "0:01:21"]
[BlackClock "0:00:03"]

1. e4 c5 2. Nf3 e6 3. d4 cxd4 4. Nxd4 a6 5. Nc3 Qc7 6. Bd3 Nf6 7. O-O Nc6 8. Nxc6 bxc6 9. f4 d5 10. e5 Nd7 11. Na4 Be7 12. b3 O-O 13. c4 f5 14. Be3 Rb8 15. Rc1 Qd8 16. Qe2 c5 17. cxd5 exd5 18. Nxc5 Nxc5 19. Bxc5 Bxc5+ 20. Rxc5 Qb6 21. Qf2 Be6 22. Rfc1 h6 23. Rc6 Qxf2+ 24. Kxf2 Bf7 25. Rxa6 Rfc8 26. Rac6 Rxc6 27. Rxc6 Ra8 28. a4 g6 29. Bb5 Kg7 30. Rc7 Kf8 31. b4 Rb8 32. Ke3 Rd8 33. Kd4 g5 34. g3 gxf4 35. gxf4 Be6 36. Rc6 Bd7 37. Rd6 Ke7 38. Rxd7+ Rxd7 39. Bxd7 Kxd7 40. Kxd5 1-0

[Event "January 2 Early 2024"]
[Site "https://www.chess.com"]
[Date "2024.01.02"]
[Round "4"]
[White "Guerra Tulcan, Lenin"]
[Black "Ferro, Mario"]
[Result "1-0"]
[Board "134"]
[TimeControl "180+1"]
[WhiteFideId "3601382"]
[BlackFideId "810290"]
[WhiteElo "2648"]
[BlackElo "2389"]
[WhiteTeam "ECU"]
[BlackTeam "ITA"]
[WhiteClock "0:01:27"]
[BlackClock "0:00:12"]

1. e4 g6 2. d4 Bg7 3. Nf3 d6 4. Nc3 a6 5. a4 b6 6. Be2 Bb7 7. O-O Nd7 8. Re1 e6 9. Bf1 Ne7 10. Bg5 h6 11. Bh4 g5 12. Bg3 Ng6 13. d5 e5 14. Qd2 g4 15. Nd1 gxf3 16. gxf3 Nf4 17. Ne3 Qg5 18. Kh1 h5 19. h4 Qg6 20. Nf5 Nf6 21. a5 b5 22. c4 bxc4 23. Bxc4 Bc8 24. Bxf4 Bxf5 25. exf5 Qxf5 26. Bd3 Qh3+ 27. Bh2 Qxf3+ 28. Kg1 Ng4 29. Bg3 Bh6 30. Qc3 Bf4 31. Bb5+ axb5 32. Qxf3 Bxg3 33. fxg3 1-0

[Event "January 2 Early 2024"]
[Site "https://www.chess.com"]
[Date "2024.01.02"]
[Round "4"]
[White "Cordoba Roa, Angel Gabriel"]
[Black "Forgacs, Attila Jr."]
[Result "1-0"]
[Board "135"]
[TimeControl "180+1"]
[WhiteFideId "3957624"]
[BlackFideId "773654"]
[WhiteElo "2638"]
[BlackElo "2388"]
[WhiteTeam "COL"]
[BlackTeam "HUN"]
[WhiteClock "0:00:52"]
[BlackClock "0:00:02"]

1. e4 e5 2. Nf3 Nc6 3. Bb5 a6 4. Ba4 d6 5. O-O Bg4 6. c3 Qf6 7. d3 Ne7 8. Nbd2 Ng6 9. Qc2 Nf4 10. d4 b5 11. dxe5 dxe5 12. Bb3 Bc5 13. a4 O-O 14. axb5 axb5 15. Rxa8 Rxa8 16. Bd5 Rd8 17. Bxc6 Qxc6 18. Nxe5 Qe6 19. Ndf3 f6 20. Bxf4 fxe5 21. Nxe5 Bh5 22. Bg3 Rf8 23. Nd3 Bb6 24. Nf4 Qg4 25. Nxh5 Qxh5 26. e5 Qg4 27. Qb3+ Kh8 28. Qxb5 Qe4 29. Qb4 Qf5 30. e6 Re8 31. e7 Qe6 32. Bh4 Qe2 33. Qa4 Qh5 34. Rd1 c6 35. Re1 Qf7 36. Qxc6 Ba7 37. Rd1 Qh5 38. Qxe8+ Qxe8 39. Rd8 1-0